 Dungeon Crawl Stone Soup version 0.30.0-13-g156ef70053 (webtiles) character file.

Game seed: 2843754013263442852

7877 tizbic2 the Frost Mage (level 11, -7/81 HPs)
             Began as a Gnoll Ice Elementalist on May 17, 2023.
             Was an Elder of Sif Muna.
             Killed by miscasting Fireball (10 damage)
             ... on level 10 of the Dungeon on May 18, 2023.
             The game lasted 00:44:27 (8061 turns).

tizbic2 the Frost Mage (Gnoll Ice Elementalist)     Turns: 8061, Time: 00:44:29

Health: -7/81      AC:  3    Str:  8    XL:     11   Next: 22%
Magic:  13/23      EV: 22    Int: 24    God:    Sif Muna [****..]
Gold:   265        SH:  0    Dex: 19    Spells: 3/26 levels left

rFire   . . .        w - +7 shortbow "Xoqiraedgh" {flame, rPois rN+ Will- Dex+6}
rCold   . . .        (shield currently unavailable)
rNeg    + . .        O - +1 robe {Archmagi}
rPois   +            (no helmet)
rElec   .            (no cloak)
rCorr   .            (no gloves)
SInv    .            (no boots)
Will    .....        q - amulet of magic regeneration
Stlth   ++++         J - +6 ring of intelligence
HPRegen 0.33/turn    C - +5 ring of evasion
MPRegen 0.58/turn

%: archmagi
@: spiked, very slightly contaminated
A: fangs 1, strong nose, distributed training
a: Renounce Religion, Channel Magic, Forget Spell, Divine Exegesis


You were on level 10 of the Dungeon.
You worshipped Sif Muna.
Sif Muna was greatly pleased with you.
You visited 1 branch of the dungeon, and saw 10 of its levels.
You also visited: Ossuary.

You collected 475 gold pieces.
You spent 210 gold pieces at shops.

Inventory:

Hand Weapons
 a - a +6 hand axe of electrocution
 w - the +7 shortbow "Xoqiraedgh" (weapon) {flame, rPois rN+ Will- Dex+6}
   (You found it on level 7 of the Dungeon)

   Dex:       It affects your dexterity (+6).
   rPois:     It protects you from poison.
   rN:        It protects you from negative energy.
   Will:      It decreases your willpower.
 A - a +0 shortbow of freezing
 M - a +1 whip of holy wrath
 N - a +1 scimitar of flaming
Missiles
 c - 4 poisoned darts
 h - 63 stones
 n - 8 javelins
Armour
 e - a +4 ring mail
 t - the +18 shield of the Gong {Loud rN+ Will+ rCorr EV-5}
   (You found it on level 9 of the Dungeon)

   Loud:      It is deafeningly noisy when blocking attacks.
   EV:        It affects your evasion (-5).
   rN:        It protects you from negative energy.
   rCorr:     It protects you from acid and corrosion.
   Will:      It increases your willpower.
 y - a +0 troll leather armour
 O - a +1 robe of the Archmagi (worn)
 Q - a +0 buckler
 R - the +2 scale mail of Eneofelu {+Blink rElec rF++ Dex-5}
   (You found it on level 9 of the Dungeon)

   Dex:       It affects your dexterity (-5).
   rF:        It greatly protects you from fire.
   rElec:     It insulates you from electricity.
   +Blink:    It lets you blink.
Jewellery
 k - a ring of flight
 m - an amulet of faith
 q - an amulet of magic regeneration (around neck)
 C - a +5 ring of evasion (right hand)
 J - a +6 ring of intelligence (left hand)
 S - a ring of poison resistance
 U - a ring of magical power
Wands
 i - a wand of paralysis (6)
 z - a wand of quicksilver (5)
 I - a wand of iceblast (11)
 T - a wand of polymorph (5)
 V - a wand of digging (6)
Scrolls
 j - a scroll of silence
 l - 2 scrolls of torment
 x - a scroll of poison
 B - 3 scrolls of vulnerability
 E - 2 scrolls of fear
 H - a scroll of blinking
 K - 2 scrolls of magic mapping
Potions
 b - a potion of magic
 d - 7 potions of heal wounds
 f - 8 potions of curing
 g - 2 potions of might
 o - a potion of berserk rage {unknown}
 p - 3 potions of flight {unknown}
 r - 3 potions of haste {unknown}
 s - 2 potions of mutation
 u - 4 potions of attraction {unknown}
 v - 4 potions of cancellation {unknown}
 D - a potion of ambrosia {unknown}
 F - 7 potions of degeneration {unknown}
 G - 2 potions of brilliance {unknown}
 L - a potion of lignification
 P - 2 potions of experience {unknown}


   Skills:
 + Level 6.3 Fighting
 + Level 6.3 Short Blades
 + Level 6.3 Long Blades
 + Level 6.3 Axes
 + Level 6.3 Maces & Flails
 + Level 6.3 Polearms
 + Level 6.3 Staves
 + Level 6.3 Ranged Weapons
 + Level 6.3 Throwing
 + Level 6.3 Armour
 + Level 7.9 Dodging
 + Level 7.6 Stealth
 + Level 6.3 Shields
 + Level 6.3 Unarmed Combat
 + Level 8.1 Spellcasting
 + Level 5.2 Conjurations
 + Level 5.2 Hexes
 + Level 5.2 Summonings
 + Level 5.2 Necromancy
 + Level 5.2 Translocations
 + Level 5.2 Transmutations
 + Level 5.2 Fire Magic
 + Level 8.9 Ice Magic
 + Level 5.2 Air Magic
 + Level 5.2 Earth Magic
 + Level 5.2 Poison Magic
 + Level 6.9 Invocations
 + Level 6.3 Evocations


You had 3 spell levels left.
You knew the following spells:

 Your Spells              Type           Power      Damage    Failure   Level
a - Freeze                Ice            100%       1d10      1%          1
b - Frozen Ramparts       Ice            100%       1d16      1%          3
c - Ozocubu's Armour      Ice            68%        N/A       1%          3
d - Static Discharge      Conj/Air       100%       2-7/arc   1%          2
e - Summon Ice Beast      Ice/Summ       60%        N/A       3%          4
f - Summon Lightning Spi  Summ/Air       51%        N/A       8%          4
g - Fireball              Conj/Fire      25%        3d11      21%         5
h - Apportation           Tloc           100%       N/A       1%          1

Your spell library contained the following spells:

 Spells                   Type           Power      Damage    Failure   Level
 Foxfire                  Conj/Fire      100%       2x1d9     1%          1
 Necrotise                Necr           100%       1d9       1%          1
 Summon Small Mammal      Summ           100%       N/A       1%          1
 Blink                    Tloc           100%       N/A       1%          2
 Lesser Beckoning         Tloc           100%       N/A       1%          2
 Momentum Strike          Conj/Tloc      100%       3d10      1%          2
 Airstrike                Air            25%        2d(4-20)  8%          4
 Plasma Beam              Fire/Air       25%        2x1d41    75%         6
 Starburst                Conj/Fire      25%        6d8       75%         6


Dungeon Overview and Level Annotations

Branches:
Dungeon (10/15)            Temple (0/1) D:5         Ossuary (visited)
   Lair: D:8-11         Orc: D:9-12

Altars:
Elyvilon
Fedhas
Kikubaaqudgha
Makhleb
Nemelex Xobeh
Sif Muna
Vehumet
Xom

Shops:
D:4 (   D:6 (   D:9 !

Annotations:
D:6 1 transporter, exclusion: oklob plant


Innate Abilities, Weirdness & Mutations

You have very sharp teeth.
Your uncanny sense of smell can sniff out nearby items.
Your experience applies equally to all skills.


Message History

You start resting.
Your lightning spire disappears in a puff of smoke!
Magic restored.
You start resting.
A manticore comes into view.
Casting: Freeze (safe; 1% risk of failure)
Confirm with . or Enter, or press ? or * to list all spells.
You feel a surge of power!
An electric hum fills the air.
The manticore flicks its tail.
The volley of spikes hits your lightning spire.
Your lightning spire shoots out a bolt of lightning at the manticore!
The bolt of electricity hits the manticore!
The manticore flicks its tail.
The volley of spikes hits your lightning spire!
The manticore flicks its tail.
The volley of spikes hits your lightning spire!
The manticore bites your lightning spire.
Your lightning spire is destroyed!
Your lightning spire disappears in a puff of smoke!
Casting: Summon Lightning Spire (dangerous; 8% risk of failure)
Confirm with . or Enter, or press ? or * to list all spells.
Aiming: Fireball (dangerous; 21% risk of failure)
Press: ? - help, Shift-Dir - straight line, f - manticore
Aim: a manticore (lightly wounded)
You feel a surge of power!
The fireball explodes!
The fireball engulfs the manticore!
The manticore is heavily wounded.
The manticore flicks its tail.
The volley of spikes hits you!
The barbed spikes become lodged in your body.
* * * LOW HITPOINT WARNING * * *
Casting: Fireball (dangerous; 21% risk of failure)
Confirm with . or Enter, or press ? or * to list all spells.
Aiming: Fireball (dangerous; 21% risk of failure)
Press: ? - help, Shift-Dir - straight line, f/p - manticore
Aim: a manticore (heavily wounded)
You feel a surge of power!
You miscast Fireball.
You are very lightly contaminated with residual magic.
The air around you burns with energy!
You die...

........#..#..#.... ...
##'##...#..#..#.... ...
...##...#..#..#...###+###### #
........#.....#...#........# #
........#.....#...#........# #
........#.....#...#........# #
........#..#..#...'........# #
........#..#..#...#.#####..# #
+#####'##.....##@.#..^.....######
...............#..####'###'##..##
..####.........#....##...........
..# #.........#....##...........
..# #.......#.#ยง...##...........
..# #.......#.#H...##.....######
..####.........#)...##.....#.....
....############'##.##.....#...#.
##### ... .##.....#.....


You could see a manticore.

Vanquished Creatures
  A hydra (D:10)
  Erica (D:8)
  A vault sentinel (D:9)
  An unseen horror (D:10)
  A gargoyle (D:8)
  A kobold demonologist (D:10)
  2 trolls
  A wyvern (D:9)
  4 yaks
  A steam dragon (D:9)
  2 water moccasins
  2 sky beasts
  An orc warrior (D:10)
  An ogre (D:7)
  3 centaurs
  3 bullfrogs
  3 water moccasin zombies (Ossuary)
  3 wights (D:8)
  3 killer bees (D:9)
  A howler monkey (D:9)
  5 hounds
  4 orc priests
  8 jellies
  3 iron imps (D:5)
  3 sleepcaps
  Jessica (D:2)
  4 iguanas
  Terence (D:2)
  4 orc wizards
  2 mummies (Ossuary)
  11 adders
  2 white imps
  An ufetubus (D:7)
  5 adder zombies (Ossuary)
  2 worms
  6 dart slugs
  23 orcs
  3 ball pythons
  20 endoplasms
  2 giant cockroaches (D:1)
  5 goblins
  4 hobgoblins
  2 jackals
  3 quokkas
  6 bats
  4 frilled lizards
  2 gnoll zombies (Ossuary)
  7 hobgoblin zombies (Ossuary)
  10 kobolds
  2 kobold zombies (Ossuary)
  15 orc zombies (Ossuary)
  6 rats
212 creatures vanquished.

Vanquished Creatures (collateral kills)
  A vault sentinel (D:9)
  Maggie (D:9)
  3 yaks
  2 orc warriors
  A centaur (D:7)
  A howler monkey (D:9)
  2 orc priests (D:10)
  2 sleepcaps
  3 orc wizards
  2 orcs
  2 kobolds (D:10)
20 creatures vanquished.

Vanquished Creatures (others)
  A human (D:6)
1 creature vanquished.

Grand Total: 233 creatures vanquished

Notes
Turn   | Place    | Note
-------+----------+-------------------------------------------
     0 | D:1      | tizbic2 the Gnoll Ice Elementalist began the quest for the
                  | Orb.
     0 | D:1      | Reached XP level 1. HP: 13/13 MP: 6/6
   267 | D:1      | Reached XP level 2. HP: 19/19 MP: 7/7
   878 | D:2      | Reached skill level 5 in Spellcasting
   878 | D:2      | Reached XP level 3. HP: 24/25 MP: 5/9
   891 | D:2      | Reached skill level 1 in Invocations
   981 | D:2      | Reached skill level 1 in Fighting
   981 | D:2      | Reached skill level 1 in Short Blades
   981 | D:2      | Reached skill level 1 in Long Blades
   981 | D:2      | Reached skill level 1 in Axes
   981 | D:2      | Reached skill level 1 in Maces & Flails
   981 | D:2      | Reached skill level 1 in Polearms
   981 | D:2      | Reached skill level 1 in Staves
   981 | D:2      | Reached skill level 1 in Ranged Weapons
   981 | D:2      | Reached skill level 1 in Throwing
   981 | D:2      | Reached skill level 1 in Armour
   981 | D:2      | Reached skill level 1 in Shields
   981 | D:2      | Reached skill level 1 in Unarmed Combat
   981 | D:2      | Reached skill level 1 in Evocations
  1016 | D:2      | Noticed Terence
  1086 | D:2      | Reached XP level 4. HP: 28/32 MP: 8/11
  1156 | D:2      | Learned a level 3 spell: Frozen Ramparts
  1339 | D:2      | Killed Terence
  1340 | D:2      | Reached skill level 1 in Conjurations
  1340 | D:2      | Reached skill level 1 in Hexes
  1340 | D:2      | Reached skill level 1 in Summonings
  1340 | D:2      | Reached skill level 1 in Necromancy
  1340 | D:2      | Reached skill level 1 in Translocations
  1340 | D:2      | Reached skill level 1 in Transmutations
  1340 | D:2      | Reached skill level 1 in Fire Magic
  1340 | D:2      | Reached skill level 1 in Air Magic
  1340 | D:2      | Reached skill level 1 in Earth Magic
  1340 | D:2      | Reached skill level 1 in Poison Magic
  1409 | D:2      | Noticed Jessica
  1415 | D:2      | Killed Jessica
  1416 | D:2      | Reached XP level 5. HP: 37/37 MP: 12/12
  2014 | D:3      | Found a shimmering blue altar of Sif Muna.
  2048 | D:3      | Became a worshipper of Sif Muna the Loreminder
  2454 | D:3      | Learned a level 3 spell: Ozocubu's Armour
  2791 | D:4      | Found a sand-covered staircase.
  2798 | Ossuary  | Entered an ossuary
  2906 | Ossuary  | Reached * piety under Sif Muna
  2908 | Ossuary  | Reached skill level 5 in Dodging
  2908 | Ossuary  | Reached XP level 6. HP: 43/44 MP: 9/14
  3059 | D:4      | Reached XP level 7. HP: 50/50 MP: 12/15
  3174 | D:4      | Found Disiklykk's Weapon Shoppe.
  3174 | D:4      | Noticed a +0 triple sword
  3179 | D:4      | Noticed a +0 executioner's axe
  3337 | D:5      | Entered Level 5 of the Dungeon
  3429 | D:5      | Reached ** piety under Sif Muna
  3555 | D:5      | Found a burning altar of Makhleb.
  3578 | D:5      | Reached skill level 5 in Stealth
  3786 | D:5      | Found a radiant altar of Vehumet.
  3833 | D:5      | Learned a level 2 spell: Static Discharge
  3833 | D:5      | Found a staircase to the Ecumenical Temple.
  4144 | D:6      | Found Suemeux's Weapon Shop.
  4147 | D:6      | Found an ancient bone altar of Kikubaaqudgha.
  4150 | D:6      | Noticed a human
  4151 | D:6      | Killed a human
  4252 | D:6      | Found a sparkling altar of Nemelex Xobeh.
  4252 | D:6      | Found a transporter.
  4252 | D:6      | Noticed a two-headed ogre
  4253 | D:6      | Noticed a two-headed ogre
  4292 | D:6      | Reached XP level 8. HP: 58/58 MP: 14/16
  4327 | D:6      | Noticed an oklob plant
  4676 | D:6      | Found a shimmering altar of Xom.
  4952 | D:7      | Found a white marble altar of Elyvilon.
  5018 | D:7      | Identified the +7 shortbow "Xoqiraedgh" {flame, rPois rN+
                  | Will- Dex+6}
  5093 | D:7      | Reached XP level 9. HP: 65/65 MP: 12/18
  5107 | D:7      | Learned a level 4 spell: Summon Ice Beast
  5666 | D:8      | Reached *** piety under Sif Muna
  5668 | D:8      | Noticed Erica
  5677 | D:8      | Killed Erica
  5678 | D:8      | Reached skill level 5 in Invocations
  5704 | D:8      | Learned a level 4 spell: Summon Lightning Spire
  5903 | D:8      | Reached skill level 5 in Fighting
  5903 | D:8      | Reached skill level 5 in Short Blades
  5903 | D:8      | Reached skill level 5 in Long Blades
  5903 | D:8      | Reached skill level 5 in Axes
  5903 | D:8      | Reached skill level 5 in Maces & Flails
  5903 | D:8      | Reached skill level 5 in Polearms
  5903 | D:8      | Reached skill level 5 in Staves
  5903 | D:8      | Reached skill level 5 in Ranged Weapons
  5903 | D:8      | Reached skill level 5 in Throwing
  5903 | D:8      | Reached skill level 5 in Armour
  5903 | D:8      | Reached skill level 5 in Shields
  5903 | D:8      | Reached skill level 5 in Unarmed Combat
  5903 | D:8      | Reached skill level 5 in Evocations
  5903 | D:8      | Reached XP level 10. HP: 48/74 MP: 17/20
  6126 | D:8      | Learned a level 5 spell: Fireball
  6243 | D:8      | Noticed a gargoyle
  6254 | D:8      | Killed a gargoyle
  6258 | D:8      | Found a blossoming altar of Fedhas.
  6353 | D:9      | Noticed Maggie
  6359 | D:9      | Killed Maggie
  6475 | D:9      | Noticed a vault sentinel
  6475 | D:9      | Noticed a vault sentinel
  6571 | D:9      | Killed a vault sentinel
  6572 | D:9      | Killed a vault sentinel
  6589 | D:9      | Found the +18 shield of the Gong {Loud rN+ Will+ rCorr
                  | EV-5}
  6866 | D:9      | Identified the +2 scale mail of Eneofelu {+Blink rElec rF++
                  | Dex-5}
  6962 | D:9      | Learned a level 1 spell: Apportation
  7169 | D:9      | Found Barhaxi's Distillery.
  7177 | D:9      | Bought a potion of heal wounds for 70 gold pieces
  7177 | D:9      | Bought a potion of heal wounds for 70 gold pieces
  7177 | D:9      | Bought a potion of heal wounds for 70 gold pieces
  7303 | D:10     | Entered Level 10 of the Dungeon
  7405 | D:10     | Reached **** piety under Sif Muna
  7481 | D:10     | Killed an unseen horror
  7719 | D:10     | Noticed a kobold demonologist
  7725 | D:10     | Killed a kobold demonologist
  7726 | D:10     | Reached skill level 5 in Conjurations
  7726 | D:10     | Reached skill level 5 in Hexes
  7726 | D:10     | Reached skill level 5 in Summonings
  7726 | D:10     | Reached skill level 5 in Necromancy
  7726 | D:10     | Reached skill level 5 in Translocations
  7726 | D:10     | Reached skill level 5 in Transmutations
  7726 | D:10     | Reached skill level 5 in Fire Magic
  7726 | D:10     | Reached skill level 5 in Air Magic
  7726 | D:10     | Reached skill level 5 in Earth Magic
  7726 | D:10     | Reached skill level 5 in Poison Magic
  7726 | D:10     | Reached XP level 11. HP: 75/81 MP: 19/22
  8032 | D:10     | Noticed a seven-headed hydra
  8040 | D:10     | Killed a seven-headed hydra
  8050 | D:10     | Noticed a manticore
  8060 | D:10     | HP: 3/81 [manticore/volley of spikes (14)]
  8061 | D:10     | Killed by miscasting Fireball

Illustrated notes

Levels and vault maps discovered:
D:1:      co_arrival_square_in_a_square_in_a_square, layout_loops_ring
D:2:      layout_rooms, corexii_item_surrounded_by_moat, minmay_misc_feat_chi,
          uniq_jessica, uniq_terence
D:3:      layout_loops_corners, lemuel_doored_altar
D:4:      layout_loops_ring, enter_ossuary_1, serial_shops,
          nicolae_shop_mannequins
D:5:      layout_basic, demons_altar, kennysheep_mini,
          minmay_temple_entry_nine_rooms
D:6:      lemuel_slime, layout_rooms, grunt_nemelex_the_gamble,
          tgw_kikubaaqudgha, mainiacjoe_overflow_surrounded_room, serial_shops,
          shop
D:7:      layout_rooms, mainiacjoe_overflow_paths
D:8:      layout_basic, fedhas_altar_fruit_tree, uniq_erica
D:9:      layout_cave_pods, serial_shops, nicolae_shop_crystal,
          hellmonk_guarded_unrand_gong, uniq_maggie
D:10:     minmay_sliced_demisemicircle, layout_stronghold

Skill      XL: |  1  2  3  4  5  6  7  8  9 10 11 |
---------------+----------------------------------+-----
Spellcasting   | 5 6 7 8 |  8.1
Invocations    | 1 2 3 4 5 6 |  6.9
Fighting       | 1 2 3 5 6 |  6.3
Short Blades   | 1 2 3 5 6 |  6.3
Long Blades    | 1 2 3 5 6 |  6.3
Axes           | 1 2 3 5 6 |  6.3
Maces & Flails | 1 2 3 5 6 |  6.3
Polearms       | 1 2 3 5 6 |  6.3
Staves         | 1 2 3 5 6 |  6.3
Ranged Weapons | 1 2 3 5 6 |  6.3
Throwing       | 1 2 3 5 6 |  6.3
Armour         | 1 2 3 5 6 |  6.3
Shields        | 1 2 3 5 6 |  6.3
Unarmed Combat | 1 2 3 5 6 |  6.3
Evocations     | 1 2 3 5 6 |  6.3
Conjurations   | 1 2 3 4 5 |  5.2
Hexes          | 1 2 3 4 5 |  5.2
Summonings     | 1 2 3 4 5 |  5.2
Necromancy     | 1 2 3 4 5 |  5.2
Translocations | 1 2 3 4 5 |  5.2
Transmutations | 1 2 3 4 5 |  5.2
Fire Magic     | 1 2 3 4 5 |  5.2
Air Magic      | 1 2 3 4 5 |  5.2
Earth Magic    | 1 2 3 4 5 |  5.2
Poison Magic   | 1 2 3 4 5 |  5.2
Dodging        | 5 6 7 |  7.9
Stealth        | 5 6 7 |  7.6
Ice Magic      | 8 |  8.9

Action                     |  1- 3 |  4- 6 |  7- 9 | 10-12 || total
---------------------------+-------+-------+-------+-------++-------
  Melee: Rapier            |    52 |    13 |       |       ||    65
         Bite              |     6 |    13 |    13 |       ||    32
         Punch             |     1 |     2 |     2 |       ||     5
         Hand axe          |       |   128 |   119 |    11 ||   258
   Fire: Sling             |       |       |    10 |       ||    10
         Shortbow          |       |       |    52 |    84 ||   136
  Throw: Dart              |     7 |       |       |       ||     7
   Cast: Freeze            |    22 |    15 |    19 |     9 ||    65
         Frozen Ramparts   |       |    17 |    19 |     6 ||    42
         Ozocubu's Armour  |       |     5 |     4 |       ||     9
         Summon Lightning  |       |       |     2 |    16 ||    18
         Summon Ice Beast  |       |       |     2 |       ||     2
         Fireball          |       |       |       |     8 ||     8
  Evoke: Wand              |       |       |       |     1 ||     1
    Use: Scroll            |     1 |    10 |     3 |     7 ||    21
         Potion            |       |       |     1 |     2 ||     3
   Stab: Sleeping          |       |     4 |     2 |       ||     6
 Armour: Ring mail         |    35 |    61 |    38 |       ||   134
         Robe              |       |       |       |     5 ||     5
  Dodge: Dodged            |    40 |   104 |   137 |    73 ||   354
  Block: Kite shield       |       |       |       |    33 ||    33
